 Dungeon Crawl Stone Soup version 0.31.0-11-ge490571c62 (webtiles) character file.

Game seed: 208634746099566008

26809 gorgonaught the Fencer (level 13, -6/156 HPs)
             Began as a Demonspawn Berserker on Feb 5, 2024.
             Was a High Priest of Trog.
             Mangled by an orc knight
             ... wielding a +3 vampiric war axe
              (14 damage)
             ... on level 2 of the Orcish Mines.
             The game lasted 00:21:52 (10993 turns).

gorgonaught the Fencer (Demonspawn Berserker)      Turns: 10993, Time: 00:21:52

Health: -6/156     AC: 30    Str: 23    XL:     13   Next: 1%
Magic:  0/13       EV:  8    Int: 14    God:    Trog [*****.]
Gold:   1572       SH:  0    Dex: 18    Spells: 12/12 levels left

rFire   . . .        D - +6 scimitar
rCold   . . .        (no shield)
rNeg    . . .        b - +2 crystal plate armour
rPois   .            (helmet restricted)
rElec   .            x - +2 cloak {Will+}
rCorr   .            (no gloves)
SInv    .            e - +0 pair of boots
Will    +....        u - amulet of regeneration Stlth
                     m - +6 ring of intelligence
HPRegen 1.26/turn    n - +6 ring of dexterity
MPRegen 0.26/turn

%: guardian spirit
@: berserking (expiring), lethally poisoned (-6 -> -7), very quick
A: antennae 1, yellow scales 1, spiny 2, magic shield, magic regeneration,
inability to drink after injury 1
a: Renounce Religion, Berserk, Trog's Hand, Brothers in Arms


You were on level 2 of the Orcish Mines.
You worshipped Trog.
Trog was extremely pleased with you.
You visited 3 branches of the dungeon, and saw 14 of its levels.
You also visited: Sewer.

You collected 1601 gold pieces.
You spent 29 gold pieces at shops.

Inventory:

Hand Weapons
 i - the +0 whip "Ilupoe" {freeze, Str+3}
   (You found it on level 2 of the Dungeon)

   Str+3:     It affects your strength (+3).
 p - a +3 battleaxe
 D - a +6 scimitar (weapon)
 K - a +4 orcbow
Missiles
 v - 3 throwing nets (quivered)
Armour
 b - a +2 crystal plate armour (worn)
 e - a +0 pair of boots (worn)
 w - a +0 helmet
 x - a +2 cloak of willpower (worn)
Jewellery
 m - a +6 ring of intelligence (left hand)
 n - a +6 ring of dexterity (right hand)
 u - an amulet of regeneration (around neck)
 F - an amulet of faith
Talismans
 B - a flux talisman
Wands
 a - a wand of light (6)
 y - a wand of paralysis (11)
 G - a wand of flame (9)
Scrolls
 c - 3 scrolls of teleportation
 g - a scroll of silence
 k - a scroll of fear
 l - a scroll of immolation
 q - 2 scrolls of poison
 r - a scroll of blinking
 s - 2 scrolls of revelation
 t - 12 scrolls of identify
 H - 2 scrolls of torment
Potions
 d - a potion of invisibility
 f - 3 potions of curing
 h - a potion of brilliance
 j - 2 potions of degeneration
 z - 2 potions of haste
 A - a potion of cancellation {unknown}
 E - 2 potions of mutation
 I - a potion of attraction
 J - a potion of lignification {unknown}
Miscellaneous
 C - a phantom mirror


   Skills:
 * Level 10.3 Fighting
 * Level 15.0 Long Blades
 * Level 11.4 Armour
 * Level 7.2 Dodging


You had 12 spell levels left.
You didn't know any spells.
Your spell library was empty.

Dungeon Overview and Level Annotations

Branches:
Dungeon (11/15)            Temple (0/1) D:4            Lair (1/5) D:8
    Orc (2/2) D:9             Elf (0/3) Orc:2         Sewer (visited)

Altars:
Ashenzari
Cheibriados
Dithmenos
Fedhas
Kikubaaqudgha
Makhleb
Nemelex Xobeh
Okawaru
Ru
Sif Muna
Trog
Wu Jian
Xom

Shops:
D:3 =   D:4 =   D:10 (   Orc:1 *   Orc:2 **

Portals:
Abyss: D:3

Annotations:
D:3 2 transporters, Vadun's ghost, amateur FoFi
D:9 2 transporters, uncleiroh's ghost, novice FoBe
Orc:1 2 transporters, Melum's ghost, journeyman DrSh


Innate Abilities, Weirdness & Mutations

You have a pair of small antennae on your head.
You are partially covered in yellow scales. (AC +2)
You are mostly covered in sharp spines.
When hurt, damage is shared between your health and your magic reserves.
You regenerate magic rapidly.
You occasionally lose the ability to drink potions when taking damage.


Message History

The kobold blastminer wields a +0 orcbow.
The kobold blastminer shoots an arrow.
The arrow closely misses you.
The orc knight is struck by your spines.
The orc knight hits you with a +3 vampiric war axe!!
* * * LOW HITPOINT WARNING * * *
The orc knight draws strength from your wounds!
Items here: )) [[.
You slash the orc knight!
The orc knight is moderately wounded.
You feel sick.
You hit the orc knight.
The orc knight is moderately wounded.
You feel sick.
An orc priest comes into view. It is wielding a +0 club.
The orc sorcerer suddenly grunts, in orcish tradition.
The orc knight is struck by your spines.
The orc knight hits you with a +3 vampiric war axe.
* * * LOW HITPOINT WARNING * * *
The orc knight draws strength from your wounds!
The orc knight roars a battlecry!
The orc priest goes into a battle-frenzy!
You hear a shout!
You completely miss the orc knight.
The orc knight is moderately wounded.
You feel sick.
You hear a shout!
You hit the orc knight.
The orc knight is moderately wounded.
You feel sick.
The orc knight no longer looks unusually strong.
The orc knight hits you but does no damage.
The orc knight is struck by your spines.
The orc knight barely misses you.
You slash the orc knight!
The orc knight is heavily wounded.
You feel sick.
You slice the orc knight!!
The orc knight is almost dead.
The orc knight hits you with a +3 vampiric war axe!
You die...

..#####.##....##
...##.###....# #
...##.# ###..##
. ...##.# #...##
#. #. ##..##..#
##.##.
#∩.#.##o..##.##
### .
#...§oK{##..# .
##...oo##..## .
#####@)..## .
###### . . #


You could see 2 orc knights, a kobold blastminer, an orc sorcerer (strong) and
an orc priest (strong).

Vanquished Creatures
  Josephine (Orc:1)
  Harold (D:10)
  An ogre mage (D:10)
  3 two-headed ogres
  A boulder beetle (D:10)
  A tengu warrior (D:10)
  A deep troll earth mage (D:10)
  Urug (D:10)
  2 orc knights (Orc:2)
  3 orc sorcerers (Orc:2)
  2 cyclopes
  An ugly thing (D:10)
  Joseph (D:7)
  Maggie (D:10)
  5 kobold blastminers
  A gargoyle (D:11)
  3 komodo dragons
  A kobold demonologist (D:9)
  5 trolls
  4 slime creatures (D:10)
  Sigmund (D:2)
  2 shadows
  A vampire (D:9)
  4 wraiths (Orc:1)
  2 wyverns
  23 yaks
  Grum (D:8)
  2 steam dragons
  7 vampire mosquitoes
  A two-headed ogre zombie (D:9)
  A water moccasin (D:9)
  5 black bears
  7 orc warriors
  2 sky beasts
  2 ice beasts
  A laughing skull (D:10)
  6 ogres
  4 wolves (D:8)
  4 centaurs
  4 phantoms
  A kobold brigand (D:7)
  Blork the orc (D:6)
  A gnoll sergeant (D:5)
  6 bullfrogs
  A scorpion (D:8)
  2 troll zombies (D:9)
  3 killer bees (D:7)
  6 howler monkeys
  4 jellies
  13 orc priests
  A bombardier beetle (D:5)
  3 hounds
  Crazy Yiuf (D:6)
  2 sleepcaps
  6 iguanas
  13 orc wizards
  A hell rat (Sewer)
  4 ogre zombies (D:9)
  9 gnolls
  10 adders
  3 river rats (Sewer)
  2 shadow imps
  2 white imps
  2 dart slugs
  51 orcs
  7 ball pythons
  7 endoplasms
  2 giant cockroaches (D:1)
  6 hobgoblins
  2 jackals (D:5)
  2 quokkas (D:1)
  4 bats
  4 frilled lizards
  6 gnoll skeletons (D:9)
  2 gnoll zombies (D:9)
  5 goblins
  13 kobolds
  An orc skeleton (D:9)
  9 orc zombies (D:9)
  9 rats
346 creatures vanquished.

Vanquished Creatures (collateral kills)
  A hydra (D:10)
  An ogre zombie (D:9)
  A gnoll zombie (D:9)
  2 gnoll skeletons (D:9)
  4 orc zombies (D:9)
9 creatures vanquished.

Vanquished Creatures (others)
  2 orc wizards
2 creatures vanquished.

Grand Total: 357 creatures vanquished

Notes
Turn   | Place    | Note
-------+----------+-------------------------------------------
     0 | D:1      | gorgonaught the Demonspawn Berserker began the quest for
                  | the Orb.
     0 | D:1      | Reached XP level 1. HP: 18/18 MP: 1/1
   267 | D:1      | Reached skill level 3 in Long Blades
   267 | D:1      | Gained mutation: You are partially covered in sharp spines.
                  | [demonic ancestry]
   267 | D:1      | Reached XP level 2. HP: 19/24 MP: 2/2
   888 | D:2      | Found a shimmering blue altar of Sif Muna.
  1005 | D:2      | Identified the +0 whip "Ilupoe" {freeze, Str+3}
  1073 | D:2      | Reached XP level 3. HP: 28/29 MP: 3/3
  1129 | D:2      | Noticed Sigmund
  1140 | D:2      | Killed Sigmund
  1141 | D:2      | Reached skill level 4 in Long Blades
  1141 | D:2      | Gained mutation: You regenerate magic rapidly. [demonic
                  | ancestry]
  1141 | D:2      | Reached XP level 4. HP: 4/37 MP: 4/4
  1141 | D:2      | Gained mutation: You are mostly covered in sharp spines.
                  | [demonic ancestry]
  1141 | D:2      | Reached XP level 5. HP: 4/42 MP: 5/5
  1683 | D:3      | Reached ** piety under Trog
  1685 | D:3      | Noticed a phantom
  1698 | D:3      | Killed a phantom
  1699 | D:3      | Reached skill level 5 in Long Blades
  1699 | D:3      | Reached XP level 6. HP: 20/48 MP: 6/6
  1740 | D:3      | Found a transporter.
  1839 | D:3      | Noticed a small abomination
  1849 | D:3      | Found a transporter.
  1858 | D:3      | Noticed a small abomination
  1886 | D:3      | Found a bloodstained altar of Trog.
  1887 | D:3      | Found an ornate altar of the Wu Jian Council.
  1888 | D:3      | Found a sparkling altar of Nemelex Xobeh.
  1888 | D:3      | Found an ancient bone altar of Kikubaaqudgha.
  1890 | D:3      | Found a burning altar of Makhleb.
  1893 | D:3      | Found a broken altar of Ashenzari.
  2101 | D:3      | Found a glowing drain.
  2109 | Sewer    | Entered a sewer
  2155 | Sewer    | HP: 2/44 [hell rat (13)]
  2411 | D:3      | Found Touthr Woihi's Jewellery Shoppe.
  2443 | D:3      | Found a faded altar of an unknown god.
  2578 | D:3      | Noticed Vadun's ghost (amateur FoFi)
  2584 | D:3      | Found a one-way gate to the infinite horrors of the Abyss.
  2798 | D:4      | Found Niggism's Jewellery Shoppe.
  2910 | D:4      | Found a staircase to the Ecumenical Temple.
  2983 | D:4      | Reached XP level 7. HP: 28/54 MP: 7/7
  3181 | D:4      | Found a snail-covered altar of Cheibriados.
  3496 | D:4      | Gained mutation: You occasionally lose the ability to drink
                  | potions when taking damage. [potion of mutation]
  3496 | D:4      | Gained mutation: You have a pair of small horns on your
                  | head. [potion of mutation]
  3541 | D:4      | Reached *** piety under Trog
  3542 | D:4      | Reached skill level 6 in Long Blades
  3685 | D:5      | Entered Level 5 of the Dungeon
  3685 | D:5      | Noticed a yak
  3685 | D:5      | Noticed a yak
  3687 | D:5      | Noticed a yak
  3688 | D:5      | Noticed a yak
  3698 | D:5      | Killed a yak
  3699 | D:5      | Killed a yak
  3700 | D:5      | Reached XP level 8. HP: 32/61 MP: 8/8
  3710 | D:5      | Reached skill level 5 in Armour
  3888 | D:5      | Reached skill level 7 in Long Blades
  4277 | D:5      | Reached skill level 5 in Fighting
  4623 | D:6      | Reached XP level 9. HP: 68/68 MP: 9/9
  4636 | D:6      | Noticed Blork the orc
  4642 | D:6      | Killed Blork the orc
  4666 | D:6      | Reached skill level 8 in Long Blades
  4701 | D:6      | Found a runed translucent door.
  4702 | D:6      | Noticed Crazy Yiuf
  4843 | D:6      | Noticed a two-headed ogre
  4854 | D:6      | Killed a two-headed ogre
  5279 | D:6      | Reached skill level 9 in Long Blades
  5353 | D:6      | Killed Crazy Yiuf
  5800 | D:7      | Found a blossoming altar of Fedhas.
  5901 | D:7      | Gained mutation: You are partially covered in yellow
                  | scales. (AC +2) [demonic ancestry]
  5901 | D:7      | Reached XP level 10. HP: 71/76 MP: 10/10
  5909 | D:7      | Reached **** piety under Trog
  6223 | D:7      | Found a shimmering altar of Xom.
  6223 | D:7      | Found a shadowy altar of Dithmenos.
  6296 | D:8      | Found a sacrificial altar of Ru.
  6327 | D:8      | Noticed Joseph
  6333 | D:8      | Noticed Grum
  6368 | D:7      | Killed Joseph
  6369 | D:7      | Reached skill level 10 in Long Blades
  6369 | D:7      | Reached skill level 5 in Dodging
  6423 | D:8      | Killed Grum
  6452 | D:8      | Identified a scroll of acquirement
  6452 | D:8      | Acquired a manual of Long Blades
  6790 | D:8      | Found a staircase to the Lair.
  6805 | Lair:1   | Entered Level 1 of the Lair of Beasts
  6826 | Lair:1   | Reached skill level 11 in Long Blades
  6917 | D:9      | Noticed a soul eater
  7013 | D:9      | Found a staircase to the Orcish Mines.
  7025 | D:9      | Gained mutation: When hurt, damage is shared between your
                  | health and your magic reserves. [demonic ancestry]
  7025 | D:9      | Reached XP level 11. HP: 84/84 MP: 11/11
  7046 | D:9      | Reached ***** piety under Trog
  7348 | D:9      | Found a transporter.
  7350 | D:9      | Found a transporter.
  7351 | D:9      | Noticed uncleiroh's ghost (novice FoBe)
  7411 | D:9      | Received a gift from Trog
  7481 | D:9      | Reached skill level 12 in Long Blades
  7803 | D:9      | Found an iron altar of Okawaru.
  7862 | D:10     | Entered Level 10 of the Dungeon
  7879 | D:10     | Noticed Harold
  7901 | D:10     | Paralysed by Harold for 5 turns
  7914 | D:10     | Killed Harold
  7999 | Orc:1    | Entered Level 1 of the Orcish Mines
  8193 | D:10     | Noticed Maggie
  8207 | D:10     | Killed Maggie
  8276 | D:10     | Noticed a boulder beetle
  8326 | D:10     | Killed a boulder beetle
  8364 | D:10     | Noticed an ogre mage
  8375 | D:10     | Killed an ogre mage
  8376 | D:10     | Reached skill level 13 in Long Blades
  8379 | D:10     | Noticed a seven-headed hydra
  8383 | D:10     | Killed a seven-headed hydra
  8435 | D:10     | Noticed a deep troll earth mage
  8438 | D:10     | Noticed a tengu warrior
  8472 | D:10     | Killed a tengu warrior
  8515 | D:10     | Noticed a cyan ugly thing
  8522 | D:10     | Killed a cyan ugly thing
  8523 | D:10     | Reached skill level 10 in Armour
  8538 | D:10     | Killed a deep troll earth mage
  8627 | D:10     | Found Xiutibot's Antique Weapon Shop.
  8730 | D:10     | Reached XP level 12. HP: 48/94 MP: 5/12
  8803 | D:10     | Found a shimmering blue altar of Sif Muna.
  8975 | D:10     | Noticed Urug
  8987 | D:10     | Killed Urug
  9414 | D:11     | Found an ornate altar of the Wu Jian Council.
  9653 | D:11     | Reached skill level 14 in Long Blades
 10202 | Orc:1    | Noticed Josephine
 10222 | Orc:1    | Killed Josephine
 10280 | Orc:1    | Noticed an orc warlord
 10281 | Orc:1    | Noticed Melum's ghost (journeyman DrSh)
 10308 | Orc:1    | Received a gift from Trog
 10407 | Orc:1    | Found a transporter.
 10410 | Orc:1    | Found a transporter.
 10429 | Orc:1    | Found Bynn's Assorted Antiques.
 10443 | Orc:1    | Bought a scroll labelled MALECE DACUCW for 29 gold pieces
 10599 | Orc:2    | Entered Level 2 of the Orcish Mines
 10599 | Orc:2    | Found a staircase to the Elven Halls.
 10602 | Orc:2    | Noticed a two-headed ogre
 10603 | Orc:2    | Noticed a two-headed ogre
 10611 | Orc:2    | Killed a two-headed ogre
 10616 | Orc:2    | Killed a two-headed ogre
 10680 | Orc:2    | Found Utra's Mass Market.
 10691 | Orc:2    | Reached skill level 10 in Fighting
 10942 | Orc:2    | Found Fuckeast's Assorted Antiques.
 10954 | Orc:2    | Reached skill level 15 in Long Blades
 10987 | Orc:2    | Lost mutation: You have a pair of small horns on your head.
                  | [demonic ancestry]
 10987 | Orc:2    | Gained mutation: You have a pair of small antennae on your
                  | head. [demonic ancestry]
 10987 | Orc:2    | Reached XP level 13. HP: 37/104 MP: 2/13
 10993 | Orc:2    | Mangled by an orc knight

Illustrated notes

Levels and vault maps discovered:
D:1:      minmay_arrival_loop, layout_basic
D:2:      layout_loops_ring, basic_altar, hangedman_decor_growths,
          minmay_misc_feat_columns, uniq_sigmund
D:3:      layout_basic, grunt_temple_overflow_open, serial_shops, shop,
          hellmonk_ecumenical_altar_slurped_away,
          gammafunk_ghost_abyssal_escape, serial_forest,
          infiniplex_forest_straight_5, infiniplex_forest_clump_small,
          infiniplex_forest_straight_5, infiniplex_forest_clump_curved,
          infiniplex_forest_zigzag_2, infiniplex_forest_split,
          portal_sewer_entry_d
D:4:      cheibrodos_quashed, layout_loops_cross,
          mainiacjoe_overflow_concentric_impassable,
          minmay_temple_entry_drinking_statues, serial_shops, shop,
          palyth_stone_intersect, serial_bayou_pond_e,
          amcnicky_mini_corridor_feature
D:5:      layout_rooms
D:6:      layout_gridville, uniq_crazy_yiuf_cottage, uniq_blork_the_orc
D:7:      layout_loops_ring, mainiacjoe_overflow_surrounded_room,
          gammafunk_temple_overflow_statue, corexii_checkpoint,
          nrook_mini_vaults, minmay_misc_feat_doors
D:8:      layout_rooms, mainiacjoe_overflow_boulevard,
          grunt_lair_entry_orc_guard_hut, minmay_misc_feat_pillars, uniq_joseph,
          uniq_grum
D:9:      layout_irregular_city, kennysheep_okawaru_gauntlet, zombieorc2_lemuel,
          gammafunk_ghost_hive, serial_bayou_pond_e, grunt_decor_mini_mirrors,
          nicolae_fountain_basement
D:10:     layout_long_grid, tgw_sif, serial_shops, shop, minmay_evil_grid,
          uniq_urug, uniq_maggie, uniq_harold
D:11:     layout_loops_corners, nicolae_wu_jian_wuxing_cycle
Lair:1:   layout_loops_ring, grunt_megastairs_2
Orc:1:    layout_caves, gammafunk_ghost_arena, serial_shops, shop,
          uniq_josephine
Orc:2:    st_orc_elflike, layout_diamond_mine, minmay_shop_mass, mines2_david

Skill      XL: |  1  2  3  4  5  6  7  8  9 10 11 12 |
---------------+-------------------------------------+-----
Long Blades    | 3 4 5 6 7 9 11 13 15 | 15.0
Dodging        | 2 3 4 5 6 7 |  7.2
Armour         | 2 3 4 6 7 8 10 11 | 11.4
Fighting       | 4 5 6 7 8 10 | 10.3

Action                     |  1- 3 |  4- 6 |  7- 9 | 10-12 | 13-15 || total
---------------------------+-------+-------+-------+-------+-------++-------
  Melee: Falchion          |    71 |    98 |   231 |   543 |       ||   943
         Punch             |     1 |       |     5 |    14 |       ||    20
         Headbutt          |       |       |    52 |   183 |       ||   235
         Scimitar          |       |       |       |   214 |     6 ||   220
 Invoke: Berserk           |       |       |     3 |     6 |       ||     9
         Brothers in Arms  |       |       |       |     2 |       ||     2
    Use: Scroll            |       |    10 |     9 |     3 |       ||    22
         Potion            |       |     2 |     7 |     4 |       ||    13
 Armour: Leather armour    |    12 |       |       |       |       ||    12
         Animal skin       |     6 |       |       |       |       ||     6
         Crystal plate arm |    37 |    74 |   214 |   796 |     4 ||  1125
  Dodge: Dodged            |    23 |     7 |    41 |   202 |     2 ||   275
